 Dungeon Crawl Stone Soup version 0.27.1 (webtiles) character file.

Game seed: 3805345957454095254

16 ephall00 the Skirmisher (level 2, -4/27 HPs)
             Began as a Draconian Berserker on Aug 28, 2021.
             Was a Follower of Nemelex Xobeh.
             Slain by a black bear (8 damage)
             ... created by the rage of Trog
             ... on level 1 of the Dungeon.
             The game lasted 00:11:19 (762 turns).

ephall00 the Skirmisher (Draconian Berserker)        Turns: 762, Time: 00:11:19

Health: -4/27      AC:  5    Str: 16 (19) XL:     2   Next: 41%
Magic:  2/2        EV: 12    Int:  4 (7)  God:    Nemelex Xobeh [*.....]
Gold:   9          SH:  0    Dex:  8 (10) Spells: 1/1 levels left

rFire    . . .     SeeInvis .   e - +0 club
rCold    . . .     Faith    .   (no shield)
rNeg     . . .     Spirit   .   (armour unavailable)
rPois    .         Reflect  .   (helmet restricted)
rElec    .         Harm     .   (no cloak)
rCorr    .         Rampage  .   (no gloves)
Will     .....                  c - +0 pair of boots
Stlth    +.........             (no amulet)
HPRegen  0.09/turn              (no ring)
MPRegen  0.08/turn              (no ring)

@: no status effects
A: AC +4, unfitting armour, cold-blooded
a: Renounce Religion, Draw Escape, Draw Destruction, Draw Summoning


You were on level 1 of the Dungeon.
You worshipped Nemelex Xobeh.
Nemelex Xobeh was aware of your devotion.
You visited 1 branch of the dungeon, and saw 1 of its levels.

You collected 9 gold pieces.

Inventory:

Hand Weapons
 a - a +0 falchion
 e - a +0 club (weapon)
 f - a +0 short sword
Missiles
 b - 17 bolts
 h - 29 stones (quivered)
Armour
 c - a +0 pair of boots (worn)
 d - a +0 ring mail
 i - a +0 robe
Magical Staves
 j - a staff of poison
Scrolls
 g - a scroll of amnesia
 k - a scroll of enchant armour {unknown}


   Skills:
 + Level 3.7 Fighting
 + Level 3.2 Long Blades
 + Level 2.9 Dodging


You had one spell level left.
You didn't know any spells.
Your spell library was empty.

Dungeon Overview and Level Annotations

Branches:
Dungeon (1/15)

Altars:
Nemelex Xobeh


Innate Abilities, Weirdness & Mutations

Your plain brown scales are hard. (AC +4)
You cannot fit into any form of body armour.
You are cold-blooded and may be slowed by cold attacks.


Message History

You hit the goblin.
The goblin is moderately wounded.
The goblin hits you but does no damage. The goblin closely misses you.
You closely miss the goblin. The rat bites you but does no damage.
The goblin hits you with a +0 club. The rat closely misses you.
You hit the rat.
You kill the rat!
The endoplasm quivers.
The goblin hits you but does no damage.
You hit the goblin.
You kill the goblin!
Trog sends monsters to punish you. 3 black bears come into view.
The black bear moves out of view.
You barely miss the endoplasm.
The black bear rages.
The endoplasm closely misses you.
You hit the endoplasm but do no damage. The endoplasm hits you.
The endoplasm barely misses you.
You hit the endoplasm.
The endoplasm is moderately wounded.
The black bear barely misses you.
The black bear claws you but does no damage. x2
The black bear bites you. The black bear misses you. The black bear claws you.
The endoplasm freezes you.
You are frozen.
Unknown command.
The black bear rages.
The endoplasm freezes you.
You are frozen.
The black bear bites you. The black bear claws you.
* * * LOW HITPOINT WARNING * * *
The black bear closely misses you. The black bear bites you.
* * * LOW HITPOINT WARNING * * *
The black bear claws you.
* * * LOW HITPOINT WARNING * * *
The black bear barely misses you. The black bear bites you!
You die...
Your body disappears without a glow.

#.....# #.......#
#.###.######.#### #.# #....# .#
#.###.##.# . #######.....##.####
. #.........>h....... ..
###.#####...#.##h####
#.......#....Jhh.#
#.#..###...#####@# #.#.##
##..#####.# #.#.# #........# #..
#.#.## ##.#.########.##
..##.###..#.# #...# #######
####....#.#.## #...# #<+...#
.....#.......# #...# #.#.#.#
.....#.##.#..######...####.#.#.#
##...#.#.................#.#.#.#


You could see 3 black bears and an endoplasm.

Vanquished Creatures
  4 bats (D:1)
  2 endoplasms (D:1)
  A goblin (D:1)
  A hobgoblin (D:1)
  A kobold (D:1)
  A quokka (D:1)
  A ball python (D:1)
  A frilled lizard (D:1)
  3 rats (D:1)
15 creatures vanquished.

Notes
Turn   | Place    | Note
-------+----------+-------------------------------------------
     0 | D:1      | ephall00 the Draconian Berserker began the quest for the
                  | Orb.
     0 | D:1      | Reached XP level 1. HP: 19/19 MP: 1/1
   184 | D:1      | Reached XP level 2. HP: 26/26 MP: 2/2
   684 | D:1      | Found a faded altar of an unknown god.
   686 | D:1      | Fell from the grace of Trog
   686 | D:1      | Became a worshipper of Nemelex Xobeh the Trickster
   686 | D:1      | Reached * piety under Nemelex Xobeh
   686 | D:1      | Received a gift from Nemelex Xobeh
   755 | D:1      | Noticed a black bear
   755 | D:1      | Noticed a black bear
   755 | D:1      | Noticed a black bear
   762 | D:1      | Slain by a black bear

Illustrated notes

Levels and vault maps discovered:
D:1:      wheals_arrival_linesprint, layout_loops_cross,
          chequers_ecumenical_altar_twisty

Action                   || total
-------------------------++-------
Melee: Falchion          ||    35
       Tailslap          ||     1
       Club              ||     7
Invok: Berserk           ||     1
  Use: Scroll            ||     1
       Potion            ||     1
Armor: Skin              ||    25
Dodge: Dodged            ||    44
       Rpst.: Falchion   ||    12
